 Dungeon Crawl Stone Soup version 0.20-a0-655-g4bc97ff (webtiles) character file.

9900 AlphabetPasta the Destroyer (level 11, -13/73 HPs)
             Began as a Vampire Conjurer on Feb 16, 2017.
             Was an Elder of Vehumet.
             Mangled by adozu's ghost (15 damage)
             ... on level 11 of the Dungeon.
             The game lasted 01:18:14 (14867 turns).

AlphabetPasta the Destroyer (Vampire Conjurer)     Turns: 14867, Time: 01:18:14

Health: -13/73     AC:  8    Str:  7    XL:     11   Next: 29%
Magic:  11/22      EV: 14    Int: 25    God:    Vehumet [****..]
Gold:   156        SH:  0    Dex: 15    Spells: 0/25 levels left

rFire    . . .     SeeInvis +   a - +3 dagger (vamp)
rCold    + + .     Gourm    .   q - +1 robe {MR+}
rNeg     + + +     Faith    .   (no shield)
rPois    ∞         Spirit   .   u - +2 helmet
rElec    .         Reflect  .   (no cloak)
rCorr    .         Harm     .   (no gloves)
MR       ++...                  j - +1 pair of boots
Stlth    ++++++....             (no amulet)
Regen    0.0/turn               B - +4 ring of intelligence
MPRegen  0.2/turn               m - ring of stealth

@: bloodless, non-regenerating
A: fangs 3, see invisible, unbreathing
a: Bat Form, Renounce Religion


You were on level 11 of the Dungeon.
You worshipped Vehumet.
Vehumet was greatly pleased with you.
You were bloodless.

You visited 2 branches of the dungeon, and saw 12 of its levels.

You collected 408 gold pieces.
You spent 252 gold pieces at shops.

Inventory:

Hand Weapons
 a - a +3 vampiric dagger (weapon)
 I - a +0 short sword
Missiles
 o - 7 javelins (quivered)
Armour
 f - a +0 robe of fire resistance
 j - a +1 pair of boots (worn)
 l - a +0 shield
 p - a +0 robe
 q - a +1 robe of magic resistance (worn)
 u - a +2 helmet (worn)
Magical Staves
 e - an uncursed staff of energy
Jewellery
 m - a ring of stealth (left hand)
 t - an uncursed ring of resist corrosion
 B - a +4 ring of intelligence (right hand)
Wands
 C - a wand of confusion (27/48)
 H - a wand of lightning (5/15)
Scrolls
 d - 7 scrolls of teleportation
 h - 8 scrolls of remove curse
 k - 5 scrolls of amnesia
 x - 2 scrolls of recharging
 E - 5 scrolls of identify
 J - a scroll of blinking
Potions
 c - 14 potions of blood
 g - 3 potions of brilliance
 i - 6 potions of curing
 r - 2 potions of cancellation
 v - 2 potions of heal wounds
 w - a potion of agility
 z - a potion of invisibility
 A - a potion of haste
 D - a potion of resistance
 F - 2 potions of flight
 G - a potion of magic
Books
 b - a book of Conjurations

   Spells                             Type                      Level
   a - Magic Dart                     Conjuration                  1
   b - Searing Ray                    Conjuration                  2
   c - Dazzling Spray                 Conjuration/Hexes            3
   d - Fulminant Prism                Conjuration/Hexes            4
   e - Force Lance                    Conjuration/Translocation    4
   f - Iskenderun's Mystic Blast      Conjuration                  4
 s - a book of Geomancy

   Spells                             Type                      Level
   a - Sandblast                      Earth                        1
   b - Passwall                       Transmutation/Earth          2
   c - Stone Arrow                    Conjuration/Earth            3
   d - Petrify                        Transmutation/Earth          4
   e - Lee's Rapid Deconstruction     Earth                        5
 y - a book of Minor Magic

   Spells                             Type                      Level
   a - Magic Dart                     Conjuration                  1
   b - Blink                          Translocation                2
   c - Call Imp                       Summoning                    2
   d - Slow                           Hexes                        2
   e - Conjure Flame                  Conjuration/Fire             3
   f - Mephitic Cloud                 Conjuration/Poison/Air       3


   Skills:
 - Level 2.3 Fighting
 - Level 4.0 Short Blades
 + Level 3.7 Dodging
 - Level 4.7 Stealth
 - Level 3.1 Shields
 + Level 7.6 Spellcasting
 * Level 9.4 Conjurations
 - Level 2.7 Hexes
 + Level 4.4 Ice Magic
 + Level 6.7 Earth Magic


You couldn't memorise any spells.
You knew the following spells:

 Your Spells              Type           Power        Failure   Level  Hunger
a - Magic Dart            Conj           ####         1%          1    None
b - Searing Ray           Conj           ######       1%          2    None
c - Dazzling Spray        Conj/Hex       #####.       1%          3    None
d - Iskenderun's Mystic   Conj           ######..     1%          4    ##.....
e - Stone Arrow           Conj/Erth      #####.       1%          3    None
f - Conjure Flame         Conj/Fire      ####....     1%          3    None
g - Throw Frost           Conj/Ice       #####.       1%          2    None
h - Static Discharge      Conj/Air       ####....     1%          3    None
i - Sticky Flame          Conj/Fire      ####....     3%          4    ##.....


Dungeon Overview and Level Annotations

Branches:
Dungeon (10/15)            Temple (1/1) D:5            Lair (0/6) D:11
    Orc (0/2) D:11

Altars:
Ashenzari
Cheibriados
Dithmenos
Elyvilon
Fedhas
Gozag
Hepliaklqana
Kikubaaqudgha
Makhleb
Nemelex Xobeh
Okawaru
Qazlal
Ru
Sif Muna
Trog
Uskayaw
Vehumet
Xom
Yredelemnul
Zin
The Shining One

Shops:
D:5 =   D:9 !

Portals:
Bailey: D:11

Annotations:
D:3 Stello111's ghost, amateur HuBe
D:4 Dowan
D:11 adozu's ghost, novice DrTm


Innate Abilities, Weirdness & Mutations

You do not heal naturally.
You are immune to poison.
You have razor-sharp teeth.
You have supernaturally acute eyesight. (SInv)
You can survive without breathing.


Message History

Vehumet accepts your kill.
You feel your power returning.
The lightning arcs!
The goblin is struck by lightning.
You kill the goblin!
Vehumet accepts your kill.
You feel your power returning.
The lightning arcs!
The kobold is struck by lightning.
You kill the kobold!
Vehumet accepts your kill.
You feel your power returning.
The lightning grounds out.
Adozu's ghost is struck by lightning.
Adozu's ghost is lightly damaged.
The lightning arcs!
The gnoll is struck by lightning.
The gnoll is heavily wounded.
The lightning arcs!
You are struck by lightning.
* * * LOW HITPOINT WARNING * * *
The lightning grounds out.
The iguana bites you!
* * * LOW HITPOINT WARNING * * *
The gnoll completely misses you. Adozu's ghost hits you!
You die...

##.......# ##........#
##..(......####
##..............
###########...............
#...K.K...................
#.############............
#.# #..)..# #............
#K####.)l@.# #............
#....'..gW.# #....###.....
#.####.....#*#...## ##....
#.#*,#!...!#.?K..# #....
#.#,,#######.....#* ##....
#..,,,,,,,,......,**#.....
*#..,,,,,,,,...KK,,.K......
**...,,,,,,,,,,,,,,........#
**,..,,,,,,,,,,,,,,,K.......#


You could see an iguana, adozu's ghost and a gnoll.

Vanquished Creatures
  2 two-headed ogres
  Pikel (Temple)
  A gargoyle (D:10)
  A centaur skeleton (D:7)
  A troll (D:9)
  2 hippogriffs (D:9)
  A wyvern (D:8)
  15 yaks
  Menkaure (D:4)
  A hungry ghost (D:9)
  4 orc warriors
  Duvessa (D:4)
  2 ice beasts
  2 slaves
  2 black bears
  3 phantoms
  A necrophage (D:8)
  2 sky beasts
  3 ogres
  3 centaurs
  3 big kobolds
  4 bullfrogs
  A water moccasin zombie (D:9)
  3 scorpions
  A wyvern skeleton (D:8)
  2 howler monkeys
  6 crimson imps
  A quasit (D:10)
  A bullfrog zombie (D:7)
  3 jellies
  3 hounds
  9 orc priests
  9 orc wizards
  A bullfrog skeleton (D:9)
  2 iguanas
  15 worker ants
  2 hound zombies
  12 gnolls
  10 adders
  A shadow imp (D:6)
  An ooze (D:2)
  2 adder skeletons
  2 worms
  A dart slug (D:3)
  10 leopard geckos
  42 orcs
  5 giant cockroaches
  9 hobgoblins
  6 jackals
  28 kobolds
  7 quokkas
  A ball python skeleton (D:4)
  10 bats
  6 frilled lizards
  16 goblins
  A jackal zombie (D:7)
  8 rats
293 creatures vanquished.

Vanquished Creatures (others)
  A quokka (D:6)
1 creature vanquished.

Grand Total: 294 creatures vanquished

Notes
Turn   | Place    | Note
-------+----------+-------------------------------------------
     0 | D:1      | AlphabetPasta the Vampire Conjurer began the quest for the Orb.
     0 | D:1      | Reached XP level 1. HP: 13/13 MP: 3/3
     3 | D:1      | Reached skill level 3 in Conjurations
    28 | D:1      | Noticed an electric eel
    28 | D:1      | Noticed an electric eel
   253 | D:1      | Reached XP level 2. HP: 17/19 MP: 3/5
   418 | D:1      | Learned a level 2 spell: Searing Ray
   833 | D:1      | Reached XP level 3. HP: 24/24 MP: 6/6
  1086 | D:1      | Learned a level 3 spell: Dazzling Spray
  1158 | D:2      | Found a shadowy altar of Dithmenos.
  1428 | D:2      | Learned a level 3 spell: Dazzling Spray
  1689 | D:2      | Reached XP level 4. HP: 30/30 MP: 0/8
  2209 | D:3      | Reached skill level 4 in Conjurations
  2211 | D:3      | Noticed Stello111's ghost (amateur HuBe)
  2697 | D:3      | Reached XP level 5. HP: 27/35 MP: 4/9
  2754 | D:3      | Learned a level 4 spell: Iskenderun's Mystic Blast
  2795 | D:3      | Found a blossoming altar of Fedhas.
  3361 | D:4      | Noticed Duvessa
  3368 | D:4      | Killed Duvessa
  3368 | D:4      | Reached skill level 1 in Hexes
  3368 | D:4      | Reached XP level 6. HP: 36/41 MP: 3/11
  3369 | D:4      | Noticed Dowan
  3524 | D:4      | Noticed Menkaure
  3531 | D:4      | Killed Menkaure
  3531 | D:4      | Reached skill level 5 in Conjurations
  4172 | D:4      | Reached XP level 7. HP: 46/46 MP: 8/13
  4370 | D:4      | Reached skill level 1 in Short Blades
  4893 | D:5      | Entered Level 5 of the Dungeon
  4893 | D:5      | Found an iron altar of Okawaru.
  4907 | D:5      | Learned a level 3 spell: Stone Arrow
  5039 | D:5      | Found a staircase to the Ecumenical Temple.
  5053 | D:5      | Found Lagie's Jewellery Emporium.
  5056 | Temple   | Entered the Ecumenical Temple
  5282 | Temple   | Became a worshipper of Vehumet
  5334 | D:5      | Reached skill level 1 in Earth Magic
  5449 | D:5      | Reached skill level 1 in Fighting
  5743 | D:5      | Noticed Pikel
  6049 | Temple   | Killed Pikel
  6049 | Temple   | Reached skill level 5 in Spellcasting
  6049 | Temple   | Reached skill level 6 in Conjurations
  6049 | Temple   | Reached XP level 8. HP: 30/57 MP: 2/15
  6227 | D:5      | Found a shattered altar of Ashenzari.
  6229 | D:5      | Found a shadowy altar of Dithmenos.
  6344 | D:5      | Reached skill level 1 in Shields
  6968 | D:6      | Reached * piety under Vehumet
  6968 | D:6      | Offered knowledge of Sting by Vehumet.
  7016 | D:6      | Found a white marble altar of Elyvilon.
  7231 | D:6      | Reached XP level 9. HP: 17/62 MP: 1/17
  7762 | D:6      | Reached skill level 7 in Conjurations
  7969 | D:6      | Learned a level 3 spell: Conjure Flame
  8108 | D:7      | Found an ancient bone altar of Kikubaaqudgha.
  8621 | D:7      | Found a hide-covered altar of Uskayaw.
  8717 | D:7      | Found a burning altar of Makhleb.
  8719 | D:7      | Found a glowing silver altar of Zin.
  8719 | D:7      | Noticed an angel
  8720 | D:7      | Noticed a blizzard demon
  9094 | D:7      | Found a hide-covered altar of Uskayaw.
  9446 | D:8      | Reached ** piety under Vehumet
  9462 | D:8      | Offered knowledge of Throw Frost by Vehumet.
  9462 | D:8      | HP: 2/62 [orc priest/divine providence (11)]
  9558 | D:8      | Learned a level 2 spell: Throw Frost
  9671 | D:8      | Reached skill level 1 in Ice Magic
  9884 | D:8      | Reached skill level 5 in Earth Magic
 10064 | D:8      | Reached skill level 8 in Conjurations
 10069 | D:8      | Reached XP level 10. HP: 38/68 MP: 9/19
 10241 | D:8      | Found a bloodstained altar of Trog.
 10789 | D:8      | Noticed a two-headed ogre
 10808 | D:8      | Killed a two-headed ogre
 11073 | D:8      | Offered knowledge of Ignite Poison by Vehumet.
 11351 | D:8      | Found a hazy altar of Hepliaklqana.
 11367 | D:9      | Found a sacrificial altar of Ru.
 11717 | D:8      | Reached *** piety under Vehumet
 11867 | D:9      | Found Hugick's Distillery.
 11875 | D:9      | Bought a potion of resistance for 120 gold pieces
 11875 | D:9      | Bought a potion of flight for 36 gold pieces
 11875 | D:9      | Bought a potion of magic for 96 gold pieces
 12064 | D:9      | Offered knowledge of Static Discharge by Vehumet.
 12566 | D:9      | Learned a level 3 spell: Static Discharge
 12678 | D:9      | Noticed a two-headed ogre
 12684 | D:9      | Killed a two-headed ogre
 12684 | D:9      | Reached skill level 9 in Conjurations
 12684 | D:9      | Reached XP level 11. HP: 64/73 MP: 3/22
 13641 | D:9      | Reached **** piety under Vehumet
 13752 | D:10     | Entered Level 10 of the Dungeon
 14419 | D:9      | Offered knowledge of Sticky Flame by Vehumet.
 14425 | D:9      | Learned a level 4 spell: Sticky Flame
 14815 | D:10     | You fall through a shaft!
 14815 | D:11     | Found a stormy altar of Qazlal.
 14836 | D:11     | Noticed adozu's ghost (novice DrTm)
 14859 | D:11     | Found a flagged portal.
 14867 | D:11     | HP: 2/73 [iguana (15)]
 14867 | D:11     | Mangled by adozu's ghost

Vault maps used:
D:1:      arrival_aquarium_b
D:2:      grunt_dithmenos_smoke
D:3:      fedhas_altar_4, kennysheep_potato
D:4:      first_bread, uniq_duvessa, uniq_menkaure
D:5:      chequers_temple_overflow_statue_of_worship,
          minmay_temple_entry_statues_pillars, serial_shops, shop, basic_altar,
          uniq_pikel
D:6:      cheibrodos_quashed, elyvilon_altar_4, minmay_misc_feat_hallway
D:7:      grunt_temple_overflow_order_and_chaos_2, kiku_gazebo_pond_becter,
          eat_drink_and_be_merry_uskayaw, kennysheep_diamond,
          kennysheep_generic_room_11
D:8:      kennysheep_little_box, old_standard_altar
D:9:      overflow_temple_1_default, serial_shops, shop
D:10:     grunt_tengu_nest
D:11:     due_lair_maze_entry_diamond, orc_0_dummy, basic_altar, enter_bailey_7,
          trog_wizard
Temple:   dpeg_chambers_temple

Skill      XL: |  1  2  3  4  5  6  7  8  9 10 11 |
---------------+----------------------------------+-----
Conjurations   | 3 4 5 6 8 9 |  9.4
Spellcasting   | 3 4 5 6 7 |  7.6
Hexes          | 1 2 |  2.7
Short Blades   | 1 2 3 4 |  4.0
Earth Magic    | 2 3 5 6 |  6.7
Fighting       | 2 |  2.3
Shields        | 1 2 3 |  3.1
Dodging        | 3 |  3.7
Ice Magic      | 1 3 4 |  4.4
Stealth        | 4 |  4.7

Action                   |  1- 3 |  4- 6 |  7- 9 | 10-12 || total
-------------------------+-------+-------+-------+-------++-------
Melee: Short sword       |     9 |    18 |       |       ||    27
       Unarmed           |     1 |       |       |       ||     1
       Dagger            |       |     9 |    88 |    91 ||   188
       Bite              |       |     2 |     8 |     6 ||    16
 Cast: Magic Dart        |    81 |    66 |   184 |    74 ||   405
       Searing Ray       |     1 |    17 |    62 |    22 ||   102
       Dazzling Spray    |       |       |    12 |    27 ||    39
       Stone Arrow       |       |       |     2 |     7 ||     9
       Conjure Flame     |       |       |     1 |     1 ||     2
       Iskenderun's Myst |       |       |       |    57 ||    57
       Static Discharge  |       |       |       |     2 ||     2
       Sticky Flame      |       |       |       |     1 ||     1
 Abil: End Transformatio |       |       |     1 |     1 ||     2
       Bat Form          |       |       |     1 |     1 ||     2
  Use: Scroll            |     7 |     7 |     6 |     4 ||    24
       Potion            |     2 |     5 |    11 |     8 ||    26
 Stab: Sleeping          |     4 |     3 |     7 |     9 ||    23
       Distracted        |       |     1 |       |       ||     1
       Invisible         |       |       |     1 |     8 ||     9
Armor: Robe              |     5 |    14 |    47 |    43 ||   109
Dodge: Dodged            |    13 |    33 |   123 |   123 ||   292
